AoeStats
← Tavis

Pilgrims

508877721Analyzed
3v3 RM · 8d ago on Sep 24, 2026· 29m 31s· 6 players
Game mode
Random Map
Map size
Normal (6 player)
Population
200
Speed
Normal
Resources
Standard
Victory
Conquest
Starting age
Dark Age
Ending age
Imperial Age
RankedLock teamsTeams togetherTeam positionsShared explorationLock speedFull tech treeHidden civsTurbo modeCheats
Victory
Defeat
🇨🇱 Mongols · Chile
935
+20
🇺🇸 Bengalis · United States
895
+14
🇲🇽 Spanish · Mexico
850
+16
🇨🇳 Varangians · China
892
-16
🇨🇳 Danes · China
889
-16
🇨🇳 Vietnamese · China
781
-11
Alexis angel666
10:27 Loom
12:12 Feudal Age
20:04 Castle Age
18:48 Double-Bit Axe
18:52 Horse Collar
28:29 Wheelbarrow
27:59 Heavy Plow
Mongkadai
10:32 Feudal Age
9:44 Loom
21:55 Castle Age
19:47 Fletching
19:56 Double-Bit Axe
21:50 Forging
21:32 Gold Mining
23:08 Bow Saw
22:55 Stone Mining
TX_DROPDEAD
10:53 Feudal Age
10:44 Loom
12:11 Double-Bit Axe
13:12 Fishing Lines
17:36 Castle Age
17:47 Light Cavalry
18:28 Husbandry
18:50 Gillnets
19:41 Bow Saw
19:13 Horse Collar
19:47 Forging
19:43 Scale Barding Armor
21:56 Wheelbarrow
21:07 Town Watch
22:26 Bloodlines
23:33 Hand Cart
25:29 Chain Barding Armor
26:29 Clinker Construction
27:51 Iron Casting
28:22 Gold Mining
31:34 Imperial Age
Sting839
4:55 Loom
13:52 Feudal Age
17:44 Castle Age
16:37 Double-Bit Axe
16:37 Horse Collar
16:44 Fishing Lines
22:08 Wheelbarrow
24:49 Hand Cart
24:35 Town Watch
25:48 Bow Saw
25:41 Heavy Plow
30:21 Imperial Age
29:38 Squires
29:24 Arson
Tavis
8:00 Loom
14:36 Feudal Age
17:32 Double-Bit Axe
20:47 Castle Age
19:50 Fletching
26:18 Squires
Lazy_Mann
4:47 Loom
16:22 Feudal Age
20:59 Castle Age
19:15 Double-Bit Axe
27:10 Fishing Lines
Connection lost

Rejoining the realm…

Still unreachable

The connection could not be restored.

Session expired

The server has moved on; the page needs a fresh start.